 Dungeon Crawl Stone Soup version 0.25-a0-443-gece2dee8bd (webtiles) character file.

Game seed: 11611208482704412293, levelgen mode: deterministic

1975 Roikka the Sneak (level 9, -1/52 HPs)
             Began as a Kobold Enchanter on Jan 30, 2020.
             Was an Initiate of Makhleb.
             Slain by a centaur skeleton (4 damage)
             ... on level 6 of the Dungeon.
             The game lasted 00:27:53 (10394 turns).

Roikka the Sneak (Kobold Enchanter)                Turns: 10394, Time: 00:27:53

Health: -1/52      AC:  2    Str:  7    XL:     9   Next: 43%
Magic:  16/16      EV: 18    Int: 16    God:    Makhleb [......]
Gold:   249        SH:  0    Dex: 17    Spells: 9/18 levels left

rFire    . . .     SeeInvis .   a - +1 dagger (elec)
rCold    . . .     Gourm    .   (shield restricted)
rNeg     . . .     Faith    .   k - +0 robe
rPois    .         Spirit   .   (no helmet)
rElec    .         Reflect  .   (no cloak)
rCorr    .         Harm     .   (no gloves)
MR       .....                  (no boots)
Stlth    ++++......             (no amulet)
HPRegen  0.17/turn              (no ring)
MPRegen  0.15/turn              (no ring)

@: about to teleport
A: small, carnivore
a: Renounce Religion


You were on level 6 of the Dungeon.
You worshipped Makhleb.
Makhleb was noncommittal.
You were completely stuffed.

You visited 2 branches of the dungeon, and saw 7 of its levels.
You also visited: Ossuary.

You collected 249 gold pieces.

Inventory:

Hand Weapons
 a - a +1 dagger of electrocution (weapon)
 b - a +1 vampiric short sword
 p - a +0 rapier
 v - a +1 dagger
Armour
 j - a +3 ring mail of poison resistance
 k - a +0 robe (worn)
Wands
 h - a wand of scattershot (4)
 x - a wand of iceblast (6)
Scrolls
 f - 6 scrolls of identify
 m - a scroll of magic mapping
 y - 2 scrolls of remove curse
Potions
 c - 4 potions of curing
 e - 2 potions of agility {unknown}
 l - a potion of ambrosia {unknown}
 n - a potion of flight {unknown}
 o - a potion of cancellation {unknown}
 q - 3 potions of brilliance {unknown}
 r - 3 potions of heal wounds {unknown}
 s - 2 potions of mutation {unknown}
 t - a potion of lignification {unknown}
 u - 3 potions of haste {unknown}
 w - a potion of might {unknown}
Comestibles
 d - 12 rations
 g - 2 chunks of flesh


   Skills:
 + Level 3.8 Fighting
 - Level 6.0 Short Blades
 - Level 5.0 Dodging
 * Level 7.7 Stealth
 + Level 5.1 Spellcasting
 + Level 6.7 Hexes
 - Level 2.0 Ice Magic
 + Level 1.8 Invocations


You had 9 spell levels left.
You knew the following spells:

 Your Spells              Type           Power        Failure   Level  Hunger
a - Corona                Hex            ####...      1%          1    None
b - Ensorcelled Hibernat  Hex/Ice        ###...       3%          2    #......
c - Tukima's Dance        Hex            ####....     2%          3    ###....
d - Confusing Touch       Hex            ####....     2%          3    ###....

Your spell library contained the following spells:

 Spells                   Type           Power        Failure   Level  Hunger
 Dazzling Flash           Conj/Hex       ##....       12%         3    ###....
 Animate Skeleton         Necr           N/A          16%         1    None
 Apportation              Tloc           #.....       16%         1    None
 Summon Small Mammal      Summ           #...         16%         1    None


Dungeon Overview and Level Annotations

Branches:
Dungeon (6/15)             Temple (1/1) D:5         Ossuary (visited)

Altars:
Ashenzari
Cheibriados
Elyvilon
Fedhas
Gozag
Hepliaklqana
Kikubaaqudgha
Makhleb
Nemelex Xobeh
Okawaru
Qazlal
Sif Muna
Trog
Uskayaw
Vehumet
Wu Jian
Xom
Yredelemnul
Zin
The Shining One


Innate Abilities, Weirdness & Mutations

You are small and have problems with some larger weapons.
You are carnivorous and can eat meat at any time.


Message History

A quokka skeleton comes into view.
A centaur skeleton comes into view.
The orc priest calls down the wrath of Beogh upon you.
Beogh smites you!
* * * LOW HITPOINT WARNING * * *
The orc wizard mumbles some strange words.
The orc wizard flickers and vanishes!
Deactivating autopickup; reactivate with Ctrl-A.
As you read the scroll of teleportation, it crumbles to dust.
You feel strangely unstable. The centaur skeleton misses you.
The giant cockroach waves its antennae.
You hit the orc priest but do no damage.
Lightning courses through the orc priest!
You kill the orc priest!
Makhleb accepts your kill.
The centaur skeleton closely misses you.
You hit the centaur skeleton.
Lightning courses through the centaur skeleton!
The centaur skeleton is severely damaged.
The centaur skeleton hits you.
You die...

#......#.# #.
#......#.# #.
#....†.#.# #. #
#......#.. #.
###.##......##. ##
#...........# ..##
#.####.###### #..#..
# ##.#######......
#.###..5s.)@Z......Z
#P.....#######..8.Z.
#.≈≈≈..##...........
#.≈≈≈≈o.#..... ....
#≈≈≈≈≈..#..####. ..#
#.≈..≈P.o..5.so. ..
#...).P.#..##.#. #
##......#..#
########..#


You could see a shadow imp, a giant cockroach, a quokka skeleton (wandering) and
a centaur skeleton.

Vanquished Creatures
  Grinder (D:4)
  A water moccasin (D:5)
  2 ogres (D:5)
  2 bullfrogs
  3 water moccasin zombies (Ossuary)
  Dowan (D:5)
  2 killer bees (D:5)
  A scorpion (D:5)
  A howler monkey (D:6)
  A centaur zombie (D:5)
  A crimson imp (D:5)
  3 hounds
  5 orc priests
  A bullfrog skeleton (D:6)
  4 orc wizards
  An iguana (D:3)
  2 worker ants
  3 mummies
  A hound skeleton (D:6)
  6 gnolls
  11 adders
  A river rat (D:4)
  An adder skeleton (D:5)
  7 adder zombies
  3 worms
  5 leopard geckos
  33 orcs
  8 bats
  3 giant cockroaches
  4 hobgoblins
  15 jackals
  6 quokkas
  A ball python (D:2)
  3 frilled lizards
  A gnoll zombie (Ossuary)
  8 goblins
  9 hobgoblin zombies (Ossuary)
  A jackal skeleton (D:4)
  13 kobolds
  6 kobold zombies
  6 orc zombies (Ossuary)
  9 rats
196 creatures vanquished.

Vanquished Creatures (collateral kills)
  Duvessa (D:5)
  A gnoll (D:3)
2 creatures vanquished.

Vanquished Creatures (others)
  4 dancing weapons
  A withered plant (D:6)
5 creatures vanquished.

Grand Total: 203 creatures vanquished

Notes
Turn   | Place    | Note
-------+----------+-------------------------------------------
     0 | D:1      | Roikka the Kobold Enchanter began the quest for the Orb.
     0 | D:1      | Reached XP level 1. HP: 10/10 MP: 3/3
   158 | D:1      | Reached XP level 2. HP: 4/15 MP: 5/5
   380 | D:1      | Learned a level 2 spell: Ensorcelled Hibernation
   406 | D:1      | Found a snail-covered altar of Cheibriados.
   843 | D:1      | Reached XP level 3. HP: 16/19 MP: 6/6
  1419 | D:2      | Reached skill level 1 in Ice Magic
  1444 | D:2      | Learned a level 3 spell: Tukima's Dance
  1568 | D:2      | Reached XP level 4. HP: 20/24 MP: 4/8
  2616 | D:3      | Found an ornate altar of the Wu Jian Council.
  2752 | D:2      | Reached XP level 5. HP: 28/28 MP: 0/9
  3555 | D:3      | Learned a level 3 spell: Confusing Touch
  3563 | D:3      | Noticed a bullfrog
  3626 | D:3      | Killed a bullfrog
  3626 | D:3      | Reached XP level 6. HP: 12/32 MP: 3/10
  4929 | D:4      | Found a sand-covered staircase.
  4936 | Ossuary  | Entered an ossuary
  5401 | Ossuary  | Reached XP level 7. HP: 12/36 MP: 9/12
  5912 | Ossuary  | Reached skill level 5 in Stealth
  6104 | Ossuary  | Reached skill level 1 in Fighting
  6386 | D:3      | Reached skill level 5 in Hexes
  6961 | D:4      | Reached XP level 8. HP: 43/43 MP: 13/13
  7183 | D:4      | Noticed Grinder
  7208 | D:4      | Killed Grinder
  7208 | D:4      | Reached skill level 5 in Dodging
  7566 | D:4      | Found a stormy altar of Qazlal.
  7816 | D:5      | Entered Level 5 of the Dungeon
  7967 | D:5      | Reached skill level 5 in Short Blades
  7967 | D:5      | Reached skill level 6 in Stealth
  8051 | D:5      | Noticed Dowan
  8054 | D:5      | Noticed Duvessa
  8056 | D:5      | Killed Dowan
  8074 | D:5      | HP: 2/45 [Duvessa/+0 rapier (5)]
  8370 | D:5      | Killed Duvessa
  9032 | D:5      | Reached XP level 9. HP: 5/50 MP: 10/16
  9032 | D:5      | HP: 2/50 [poisoned by a water moccasin]
  9278 | D:5      | Found a staircase to the Ecumenical Temple.
  9289 | Temple   | Entered the Ecumenical Temple
  9338 | Temple   | Became a worshipper of Makhleb the Destroyer
  9429 | D:5      | Found a shimmering altar of Xom.
  9429 | D:5      | Found a blossoming altar of Fedhas.
  9470 | D:5      | Found an iron altar of Okawaru.
  9539 | D:5      | Found a snail-covered altar of Cheibriados.
  9715 | D:5      | Reached skill level 7 in Stealth
  9715 | D:5      | Reached skill level 1 in Invocations
  9725 | D:5      | HP: 2/51 [killer bee (7)]
 10037 | D:6      | Found a hide-covered altar of Uskayaw.
 10279 | D:6      | Reached skill level 5 in Spellcasting
 10394 | D:6      | Slain by a centaur skeleton

Levels and vault maps discovered:
D:1:      saegor_arrival_under_anarchy, layout_loops_ring, cheibriados_altar_1
D:2:      layout_loops_ring, first_ration
D:3:      layout_basic, lemuel_crystal_altar
D:4:      mumra_celtic_spiral_tile, layout_rooms, gup_sewer_entry_spiral,
          nicolae_ossuary_entry_giza, nicolae_qazlal_general_emergency,
          uniq_grinder
D:5:      layout_gridville, minitemple, minmay_temple_entry_wispy,
          minmay_quadrilaterals, uniq_duvessa
D:6:      layout_basic, old_standard_altar, serial_undead, serial_undead_c,
          serial_undead_c, serial_undead_b, serial_undead_d, serial_undead_b,
          serial_undead_a, serial_undead_f, serial_undead_d, uniq_menkaure,
          uniq_crazy_yiuf_cottage
Temple:   eino_temple_lava

Skill      XL: |  1  2  3  4  5  6  7  8  9 |
---------------+----------------------------+-----
Short Blades   | 2 3 4 5 6 |  6.0
Ice Magic      | 1 2 |  2.0
Spellcasting   | 3 4 5 |  5.1
Hexes          | 4 5 6 |  6.7
Dodging        | 3 4 5 |  5.0
Stealth        | 5 6 7 |  7.7
Fighting       | 1 3 |  3.8
Invocations    | 1 |  1.8

Action                   |  1- 3 |  4- 6 |  7- 9 || total
-------------------------+-------+-------+-------++-------
Melee: Dagger            |    80 |    27 |   204 ||   311
       Short sword       |       |   272 |   168 ||   440
 Cast: Ensorcelled Hiber |     8 |    24 |    25 ||    57
       Tukima's Dance    |       |     8 |     9 ||    17
       Confusing Touch   |       |     2 |     5 ||     7
  Use: Scroll            |       |       |    16 ||    16
       Potion            |       |       |     2 ||     2
 Stab: Sleeping          |    11 |    27 |    39 ||    77
       Confused          |       |     3 |     3 ||     6
       Distracted        |       |       |     1 ||     1
  Eat: Chunk             |    11 |    13 |    20 ||    44
Armor: Robe              |     8 |    20 |    20 ||    48
Dodge: Dodged            |    34 |   198 |   302 ||   534

Table legend:
 A = Non-vault XP
 B = Vault XP
 C = Vault XP percentage of total XP
 D = Non-vault monster count
 E = Vault monster count
 F = Vault count percentage of total count
                 A         B        C        D         E       F
            +---------+---------+-------+---------+---------+-------
      Total |    1798 |    1024 |  36.3 |     147 |      51 |  25.8
            +---------+---------+-------+---------+---------+-------
        D:1 |      46 |       0 |   0.0 |      16 |       0 |   0.0
        D:2 |     127 |       0 |   0.0 |      30 |       0 |   0.0
        D:3 |     341 |       0 |   0.0 |      42 |       0 |   0.0
        D:4 |     251 |     329 |  56.7 |      21 |      12 |  36.4
        D:5 |     657 |     313 |  32.3 |      24 |       5 |  17.2
        D:6 |     376 |      62 |  14.2 |      14 |       3 |  17.6
    Ossuary |       0 |     320 | 100.0 |       0 |      31 | 100.0
            +---------+---------+-------+---------+---------+-------
